 Dungeon Crawl Stone Soup version 0.32-a0-314-g526f7d4993 (webtiles) character file.

Game seed: 108310051794428145

193 senseless the Covered (level 5, -8/47 HPs)
             Began as a Mountain Dwarf Fighter on Feb 15, 2024.
             Was an Initiate of Beogh.
             Mangled by an ogre
             ... wielding a +0 giant club
              (22 damage)
             ... on level 4 of the Dungeon.
             The game lasted 00:04:57 (2206 turns).

senseless the Covered (Mountain Dwarf Fighter)      Turns: 2206, Time: 00:04:57

Health: -8/47      AC: 10    Str: 20    XL:     5   Next: 44%
Magic:  5/5        EV:  7    Int:  9    God:    Beogh [......]
Gold:   200        SH:  4    Dex:  9    Spells: 4/4 levels left

rFire   . . .        a - +0 war axe
rCold   . . .        c - +0 buckler
rNeg    . . .        u - +0 chain mail
rPois   .            (no helmet)
rElec   .            (no cloak)
rCorr   .            (no gloves)
SInv    .            q - +0 pair of boots
Will    .....        t - amulet of faith Stlth
                     (no ring)
HPRegen 0.27/turn    (no ring)
MPRegen 0.09/turn

%: faith
@: attractive
A: runic magic, artefact enchanting
a: Renounce Religion


You were on level 4 of the Dungeon.
You worshipped Beogh.
Beogh was noncommittal.
You visited 1 branch of the dungeon, and saw 4 of its levels.

You collected 200 gold pieces.

Inventory:

Hand Weapons
 a - a +0 war axe (weapon)
Missiles
 s - 4 poisoned darts (quivered)
Armour
 b - a +0 scale mail
 c - a +0 buckler (worn)
 q - a +0 pair of boots (worn)
 u - a +0 chain mail (worn)
Jewellery
 g - an amulet of the acrobat
 t - an amulet of faith (around neck)
Scrolls
 f - a scroll of fog {unknown}
 h - 3 scrolls of teleportation {unknown}
 i - a scroll of amnesia {unknown}
 l - 4 scrolls of identify {unknown}
Potions
 d - a potion of might
 e - a potion of ambrosia
 j - a potion of attraction
 k - a potion of curing
 m - a potion of brilliance {unknown}
 n - 2 potions of degeneration {unknown}
 o - a potion of heal wounds {unknown}
 p - a potion of invisibility {unknown}
 r - a potion of mutation {unknown}


   Skills:
 * Level 4.4 Fighting
 * Level 4.1 Axes
 + Level 0.0 Throwing
 * Level 4.4 Armour
 * Level 4.3 Shields


You had 4 spell levels left.
You didn't know any spells.
Your spell library contained the following spells:

 Spells                   Type           Power      Damage    Failure   Level
 Volatile Blastmotes      Fire/Tloc      0%         2d10      94%         3
 Animate Dead             Necr           0%         N/A       100%        4
 Fulminant Prism          Conj/Alch      0%         3d5       100%        4
 Iskenderun's Mystic Bla  Conj/Tloc      0%         2d3       100%        4
 Haunt                    Necr/Summ      0%         N/A       100%        7
 Infestation              Necr           0%         N/A       100%        8


Dungeon Overview and Level Annotations

Branches:
Dungeon (4/15)             Temple (0/1) D:4

Altars:


Innate Abilities, Weirdness & Mutations

Your spellcasting is much less encumbered by armour.
You can use scrolls of enchantment on lesser artefacts.


Message History

The orc priest shouts, "Beogh offers mercy even to people such as you.
Join us and be reborn!" (press Y on the ability menu to convert to Beogh)
You bow before the missionary of Beogh.
Beogh welcomes you!
Your amulet flashes!
The priest grants you succor and welcomes you into the fold.
The other orcs roar their approval!
The gnoll hits you with a +0 spear.
The orc closely misses the gnoll.
The gnoll barely misses you.
The gnoll hits you from afar with a +0 spear.
You block the gnoll's attack.
The orc completely misses the gnoll.
The gnoll hits the orc with a +0 spear!
The orc dies!
The gnoll hits you but does no damage.
The orc wizard barely misses the gnoll.
The gnoll attacks as it pursues you!
The gnoll hits you with a +1 whip of electrocution.
You are electrocuted!!
* * * LOW HITPOINT WARNING * * *
The gnoll attacks as it pursues you!
The gnoll hits you with a +1 whip of electrocution.
* * * LOW HITPOINT WARNING * * *
The gnoll attacks as it pursues you!
The gnoll hits you from afar with a +0 spear.
* * * LOW HITPOINT WARNING * * *
You closely miss the gnoll.
The gnoll is moderately wounded.
You hit the plant but do no damage. The gnoll completely misses you.
You block the gnoll's attack.
It was a potion of ambrosia.
You are confused.
You feel invigorated. The gnoll barely misses you. x2
It was a potion of attraction.
You feel attractive to monsters.
The gnoll hits you from afar with a +0 spear.
* * * LOW HITPOINT WARNING * * *
The gnoll hits you with a +1 whip of electrocution.
* * * LOW HITPOINT WARNING * * *
It was a potion of curing.
You feel better.
You feel less invigorated.
The ogre hits you with a +0 giant club!!
You die...

..# ...#..## ##...##
#..#.#....# #.....####
#.o..#..#.###........#
..#.o.)##..##....♣.♣#.#
.....>........~~.♣..♣.#
..##g.O.#....P~~~♣....##
#..#....#.g.♣~♣~~~P...#
...
#.#..#.gO..~~~♣.P#.## #
#...##..gg@.~~~~~....#
........###P...~~.....#
.......... ...P.♣..P.#.#
......########P....###.#
..... #.♣P..# #.# ..
.#.PP# #.# #.#.###.#
#.#<....# #.#.########


You could see an ogre, 3 gnolls and a hobgoblin.

Vanquished Creatures
  An orc wizard (D:3)
  6 adders (D:2)
  A ribbon worm (D:2)
  6 orcs (D:3)
  7 endoplasms
  A giant cockroach (D:2)
  4 goblins
  7 hobgoblins
  3 jackals (D:1)
  A quokka (D:1)
  10 ball pythons
  3 bats
  4 frilled lizards
  7 kobolds
  2 rats
63 creatures vanquished.

Vanquished Creatures (others)
  An orc (D:4)
1 creature vanquished.

Grand Total: 64 creatures vanquished

Notes
Turn   | Place    | Note
-------+----------+-------------------------------------------
     0 | D:1      | senseless the Mountain Dwarf Fighter began the quest for
                  | the Orb.
     0 | D:1      | Reached XP level 1. HP: 19/19 MP: 1/1
    61 | D:1      | Reached XP level 2. HP: 26/26 MP: 2/2
   183 | D:1      | Reached XP level 3. HP: 29/31 MP: 3/3
   842 | D:2      | Reached XP level 4. HP: 35/40 MP: 4/4
  1229 | D:2      | Reached XP level 5. HP: 46/46 MP: 5/5
  2186 | D:4      | Found a staircase to the Ecumenical Temple.
  2192 | D:4      | Noticed an ogre
  2196 | D:4      | Became a worshipper of Beogh the Shepherd
  2202 | D:4      | HP: 2/47 [gnoll/+0 spear (3)]
  2206 | D:4      | Mangled by an ogre

Illustrated notes

Levels and vault maps discovered:
D:1:      amcnicky_arrival_gap_in_the_tavern_cellar, layout_rooms,
          chequers_garden, grunt_decor_clamped, minmay_misc_feat_four_crosses,
          minmay_indecisive_spiral
D:2:      layout_rooms, minmay_snake_closets
D:3:      layout_basic, chequers_mini_garden
D:4:      layout_basic, gammafunk_temple_overflow_elements,
          minmay_temple_entry_mini_moons, serial_bayou_pond_a,
          minmay_misc_feat_rugged, uniq_grinder

Skill      XL: |  1  2  3  4  5 |
---------------+----------------+-----
Axes           | 3 4 |  4.1
Armour         | 4 |  4.4
Fighting       | 4 |  4.4
Shields        | 4 |  4.3

Action                     |  1- 3 |  4- 6 || total
---------------------------+-------+-------++-------
  Melee: War axe           |    94 |   113 ||   207
 Invoke: Convert to Beogh  |       |     1 ||     1
    Use: Potion            |       |     3 ||     3
 Armour: Scale mail        |    59 |    75 ||   134
         Chain mail        |       |    16 ||    16
  Dodge: Dodged            |    56 |    62 ||   118
  Block: Buckler           |    25 |    21 ||    46

Table legend: (Time is in decaauts)
 A = Elapsed time spent in this place.
 B = Non-inter-level travel time spent in this place.
 C = Inter-level travel time spent in this place.
 D = Time resting spent in this place.
 E = Time spent auto-exploring this place.
 F = Levels seen in this place.
 G = Mean time per level.
                   A        B        C        D        E       F      G
               +--------+--------+--------+--------+--------+-----+--------+
         Total |   2279 |   2146 |    133 |      0 |   1654 |   4 |  569.8 |
       Dungeon |   2279 |   2146 |    133 |      0 |   1654 |   4 |  569.8 |
               +--------+--------+--------+--------+--------+-----+--------+

Top non-repeatable levels by time:
     D:3: 850 daAuts
     D:1: 715 daAuts
     D:2: 653 daAuts
     D:4: 61 daAuts
